Map: Simulacrum LE

Players

DIMAGA

  • Race: Zerg Zerg
  • Spawn Location: 5:00

SortOf - Winner!

  • Race: Zerg Zerg
  • League: Diamond
  • Spawn Location: 11:00

Event: IEM Katowice 2020

VOD

Have the link to the VOD?

Description

Time

  • Played on: Feb. 25, 2020, 10:17 a.m.
  • Length: 7:43

All games in this series

Show
View Real Time Build Order
Export as new Build Order

DIMAGA Zerg 

Build Orders: Hatch First 

Get SALT Encoding   

  12  0:00  Drone  
  13  0:12  Overlord  
  13  0:16  Drone  
  14  0:31  Drone x2  
  16  0:47  Hatchery  
  15  0:51  Drone  
  15  0:55  Drone  
  17  0:58  Drone  
  18  1:08  Extractor  
  17  1:13  Spawning Pool  
  17  1:17  Drone  
  17  1:20  Drone  
  18  1:29  Drone  
  19  1:39  Drone  
  20  1:50  Drone  
  21  2:00  Queen x2  
  21  2:01  Drone, Overlord  
  26  2:09  Metabolic Boost  
  26  2:10  Drone  
  26  2:11  Drone  
  28  2:22  Drone x2  
  30  2:33  Hatchery  
  30  2:36  Drone  
  30  2:39  Drone  
  30  2:44  Overlord  
  31  2:46  Drone  
  32  2:54  Baneling Nest  
  32  2:56  Drone x2  
  33  3:03  Queen  
  33  3:05  Drone  
  36  3:07  Zergling x2  
  36  3:08  Zergling x2  
  36  3:10  Drone  
  36  3:12  Drone  
  40  3:14  Drone  
  40  3:16  Zergling x2  
  42  3:20  Overlord  
  42  3:24  Drone  
  42  3:25  Drone  
  44  3:30  Evolution Chamber  
  44  3:32  Drone  
  44  3:43  Drone x4  
  44  3:44  Zergling x4  
  44  3:46  Overlord  
  50  3:54  Drone x2  
  52  3:58  Zerg Missile Weapons Level 1  
  52  4:04  Drone x3  
  52  4:09  Overlord  
  56  4:10  Drone x2  
  56  4:16  Lair  
  56  4:23  Drone x7  
  63  4:27  Extractor  
  63  4:28  Extractor  
  63  4:30  Overlord  
  61  4:33  Roach Warren  
  61  4:34  Drone x2  
  62  4:43  Drone  
  62  4:44  Drone x8  
  71  4:47  Extractor  
  71  4:48  Extractor  
  71  4:51  Extractor  
  68  4:53  Overlord  
  68  4:55  Drone x5  
  73  5:06  Drone x3  
  75  5:16  Roach x7  
  75  5:18  Overlord  
  89  5:23  Baneling x7  
  89  5:27  Spine Crawler  
  88  5:28  Spine Crawler  
  88  5:35  Overlord x2  
  87  5:42  Roach x5  
  93  5:50  Roach x6  
  93  5:55  Roach x2  
  94  6:03  Roach x3  
  89  6:19  Roach x2  
  89  6:20  Roach  
  95  6:28  Roach  
  95  6:29  Roach x3  
  95  6:34  Roach  
  95  6:35  Roach  
  95  6:44  Roach x3  
  91  6:53  Hatchery  
  78  7:05  Roach x4  
  68  7:18  Zergling x6  
Show
View Real Time Build Order
Export as new Build Order

SortOf Zerg - Winner!

Build Orders: Hatch First 

Get SALT Encoding   

  12  0:00  Drone  
  13  0:12  Overlord  
  13  0:17  Drone  
  14  0:31  Drone x2  
  16  0:48  Hatchery  
  15  0:52  Drone  
  15  0:56  Drone  
  17  0:58  Drone  
  18  1:13  Spawning Pool  
  18  1:15  Extractor  
  18  1:17  Drone  
  17  1:21  Drone  
  18  1:29  Drone  
  19  1:54  Drone  
  20  1:55  Drone  
  20  2:00  Queen x2  
  25  2:02  Overlord  
  25  2:03  Drone  
  26  2:11  Drone x2  
  28  2:18  Metabolic Boost  
  28  2:24  Drone x2  
  30  2:36  Hatchery  
  29  2:40  Drone  
  30  2:47  Drone, Baneling Nest  
  30  2:49  Drone  
  31  2:53  Overlord  
  31  2:58  Drone x2  
  33  3:05  Queen  
  33  3:07  Zergling x2  
  33  3:12  Zergling x2  
  37  3:13  Zergling x2  
  37  3:15  Drone  
  37  3:17  Drone  
  37  3:19  Evolution Chamber  
  39  3:23  Overlord  
  39  3:28  Drone x2  
  39  3:30  Drone  
  39  3:33  Drone  
  43  3:35  Baneling  
  43  3:44  Drone  
  43  3:45  Zerg Ground Armor Level 1  
  43  3:46  Overlord  
  43  3:48  Drone x2  
  45  3:51  Drone  
  45  3:53  Zergling x2  
  47  3:58  Drone x2  
  47  4:01  Zergling x4  
  51  4:08  Roach Warren  
  51  4:09  Drone x2  
  52  4:11  Extractor x2  
  52  4:13  Drone x2  
  51  4:20  Overlord  
  51  4:25  Drone  
  51  4:26  Overlord x2  
  52  4:39  Zergling x2  
  53  4:47  Zergling x2  
  53  4:49  Roach  
  53  4:50  Roach x8  
  71  4:54  Roach  
  71  4:55  Roach  
  75  5:00  Roach x2  
  75  5:04  Zergling x6  
  82  5:12  Overlord  
  82  5:13  Zergling x6  
  82  5:14  Zergling x2  
  86  5:21  Overlord  
  86  5:22  Baneling x5  
  86  5:24  Zergling x4  
  89  5:28  Zergling x2  
  89  5:32  Zergling x8  
  92  5:35  Zergling x2  
  92  5:36  Ravager x2  
  92  5:38  Zergling x4  
  95  5:46  Zergling x2  
  95  5:47  Zergling x8  
  99  5:52  Ravager  
  99  5:53  Ravager  
  99  5:55  Zergling x8  
  104  5:57  Zergling x2  
  105  6:04  Zergling x2  
  105  6:07  Ravager  
  104  6:12  Zergling x2  
  104  6:15  Overlord  
  100  6:29  Zergling x24  
  99  6:37  Lair  
  99  6:39  Roach x2  
  96  6:43  Zergling x4  
  96  6:45  Ravager  
  97  6:52  Zergling x10  
  94  7:05  Zergling x8  
  91  7:10  Zergling x8  
  97  7:15  Ravager x3  
  97  7:18  Roach x3  
  103  7:23  Roach x2  

Tags
 
Add a new tag
Caveats
  • Supply blocks, unpowered buildings, or Contaminate may cause inaccurate times.
  • Supply counts are checked every 10 seconds.